AoeStats
← 星空酒酒

Arena

505851841Analyzed
4v4 RM · 20d ago on Sep 11, 2026· 59m 46s· 8 players
Game mode
Random Map
Map size
Large (8 player)
Population
200
Speed
Normal
Resources
Standard
Victory
Conquest
Starting age
Dark Age
Ending age
Imperial Age
RankedLock teamsTeams togetherTeam positionsShared explorationLock speedFull tech treeHidden civsTurbo modeCheats
Victory
Defeat
🇩🇪 Vikings · Germany
1112
+14
🇮🇹 Britons · Italy
1109
+14
🇦🇺 Goths · Australia
1090
+15
🇬🇧 Franks · United Kingdom
1077
+16
🇨🇳 Italians · China
1218
-20
🇨🇳 Celts · China
1073
-15
🇨🇳 Britons · China
1017
-13
🇨🇳 Mongols · China
987
-11
Zad
0:26 Loom
12:27 Feudal Age
13:53 Wheelbarrow
13:05 Town Watch
14:08 Horse Collar
14:44 Horse Collar
17:28 Castle Age
15:16 Double-Bit Axe
18:47 Hand Cart
18:45 Bow Saw
18:37 Heavy Plow
26:56 Gold Mining
27:04 Stone Mining
33:04 Imperial Age
30:17 Pikeman
30:58 Squires
32:10 Stone Shaft Mining
31:51 Forging
31:45 Scale Mail Armor
32:11 Town Patrol
33:51 Iron Casting
33:32 Chain Mail Armor
33:13 Elite Huskarl
34:53 Crop Rotation
35:31 Two-Man Saw
35:44 Blast Furnace
35:36 Conscription
35:41 Anarchy
35:23 Sappers
36:59 Perfusion
39:26 Murder Holes
45:44 Caravan
46:14 Coinage
46:01 Guilds
48:05 Banking
51:37 Fletching
51:48 Padded Archer Armor
51:54 Scale Barding Armor
51:42 Halberdier
51:43 Man-at-Arms
53:14 Bodkin Arrow
55:05 Long Swordsman
56:19 Bracer
56:35 Leather Archer Armor
56:41 Chain Barding Armor
55:57 Two-Handed Swordsman
56:25 Champion
59:05 Ring Archer Armor
59:43 Chemistry
ansaro
8:48 Loom
10:58 Feudal Age
14:58 Castle Age
13:02 Double-Bit Axe
13:57 Horse Collar
15:55 Bow Saw
17:42 Heavy Plow
21:26 Fletching
26:08 Scale Mail Armor
28:18 Gold Mining
28:19 Stone Mining
29:11 Chain Mail Armor
30:48 Chieftains
31:11 Forging
34:38 Imperial Age
31:58 Town Watch
33:44 Iron Casting
33:05 Bodkin Arrow
34:02 Gold Shaft Mining
34:49 Elite Berserk
36:03 Scale Barding Armor
51:13 Light Cavalry
53:33 Chain Barding Armor
58:44 Blast Furnace
ben.jack.beevers
0:45 Loom
12:40 Feudal Age
17:51 Castle Age
15:48 Double-Bit Axe
16:36 Gold Mining
19:01 Scale Barding Armor
19:06 Forging
20:33 Husbandry
24:39 Chain Barding Armor
32:23 Iron Casting
33:31 Bow Saw
34:06 Wheelbarrow
33:34 Stone Mining
37:06 Imperial Age
35:03 Pikeman
35:43 Squires
36:24 Scale Mail Armor
37:46 Chain Mail Armor
37:40 Halberdier
38:45 Cavalier
40:53 Blast Furnace
40:49 Hand Cart
41:16 Plate Mail Armor
42:09 Plate Barding Armor
44:49 Conscription
46:10 Paladin
47:57 Fletching
49:21 Chivalry
48:50 Light Cavalry
56:26 Chemistry
55:33 Siege Engineers
锋
9:49 Feudal Age
10:14 Double-Bit Axe
15:06 Castle Age
20:35 Bow Saw
23:42 Wheelbarrow
25:45 Hand Cart
29:31 Imperial Age
27:10 Gold Mining
27:10 Stone Mining
28:40 Ballistics
28:01 Treadmill Crane
28:22 Fletching
28:32 Padded Archer Armor
28:43 Forging
29:30 Gold Shaft Mining
29:13 Loom
29:13 Town Watch
29:29 Bodkin Arrow
30:19 Bracer
30:35 Leather Archer Armor
31:30 Chemistry
30:36 Siege Engineers
30:12 Capped Ram
31:31 Conscription
31:34 Yeomen
31:09 Horse Collar
32:39 Two-Man Saw
32:00 Town Patrol
33:11 Elite Longbowman
34:08 Heavy Plow
34:40 Elite Skirmisher
35:46 Masonry
36:28 Warwolf
38:46 Forging
39:07 Ring Archer Armor
38:38 Scale Mail Armor
38:02 Pikeman
38:42 Squires
38:27 Gambesons
38:53 Halberdier
40:49 Onager
44:28 Chain Mail Armor
44:48 Iron Casting
48:20 Architecture
49:05 Blast Furnace
48:36 Plate Mail Armor
52:46 Caravan
星空酒酒
10:20 Feudal Age
12:15 Double-Bit Axe
14:32 Castle Age
12:28 Horse Collar
16:15 Bow Saw
20:52 Wheelbarrow
23:01 Gold Mining
23:03 Stone Mining
25:15 Gold Shaft Mining
30:08 Imperial Age
27:54 Hand Cart
27:27 Loom
28:04 Scale Barding Armor
28:49 Forging
30:05 Bloodlines
30:49 Chain Barding Armor
30:37 Elite Steppe Lancer
32:25 Iron Casting
32:48 Capped Ram
33:55 Husbandry
36:16 Blast Furnace
41:51 Heavy Scorpion
44:05 Coinage
45:14 Ballistics
45:26 Banking
49:29 Light Cavalry
52:33 Hussar
53:23 Scale Mail Armor
54:36 Chain Mail Armor
53:50 Pikeman
54:31 Squires
54:14 Pikeman
56:16 Plate Mail Armor
野象
5:29 Loom
10:47 Feudal Age
11:54 Double-Bit Axe
12:33 Loom
15:05 Castle Age
14:47 Horse Collar
15:57 Heavy Plow
16:11 Bow Saw
21:56 Scale Mail Armor
22:43 Wheelbarrow
24:23 Gold Mining
24:24 Stone Mining
27:15 Imperial Age
27:49 Town Watch
28:21 Hand Cart
28:57 Gold Shaft Mining
28:59 Stone Shaft Mining
27:54 Heavy Scorpion
29:53 Gold Shaft Mining
31:54 Stone Shaft Mining
32:27 Chemistry
31:48 Ballistics
31:45 Furor Celtica
31:47 Capped Ram
32:50 Masonry
32:51 Fortified Wall
32:56 Siege Engineers
33:18 Siege Ram
40:43 Elite Woad Raider
48:01 Scale Mail Armor
48:12 Forging
48:54 Conscription
48:58 Chain Mail Armor
48:27 Pikeman
50:11 Iron Casting
51:24 Halberdier
52:53 Plate Mail Armor
53:24 Blast Furnace
狂雷金刚拳!
11:31 Feudal Age
16:35 Castle Age
14:25 Horse Collar
15:13 Stone Mining
15:44 Double-Bit Axe
15:55 Fletching
17:52 Wheelbarrow
19:16 Town Watch
23:28 Heavy Plow
24:40 Bow Saw
26:11 Gold Mining
26:49 Fortified Wall
27:26 Hand Cart
28:36 Gold Shaft Mining
31:42 Imperial Age
30:02 Bodkin Arrow
30:30 Ballistics
30:25 Masonry
29:56 Treadmill Crane
30:36 Padded Archer Armor
31:12 Loom
31:28 Town Patrol
31:47 Leather Archer Armor
31:33 Pikeman
32:14 Squires
32:27 Bracer
33:32 Chemistry
32:47 Warwolf
33:09 Conscription
35:07 Two-Man Saw
34:38 Architecture
34:19 Siege Engineers
36:05 Yeomen
36:36 Ring Archer Armor
35:33 Man-at-Arms
35:59 Gambesons
37:24 Elite Longbowman
38:15 Elite Skirmisher
38:18 Crossbowman
38:23 Elite Skirmisher
39:12 Scale Mail Armor
39:22 Forging
38:35 Long Swordsman
38:58 Arbalester
40:24 Chain Mail Armor
41:09 Murder Holes
41:00 Halberdier
44:11 Iron Casting
44:07 Plate Mail Armor
45:58 Blast Furnace
45:32 Plate Mail Armor
49:58 Two-Handed Swordsman
50:40 Champion
崽仔
11:44 Feudal Age
11:04 Loom
12:38 Double-Bit Axe
15:23 Castle Age
13:31 Horse Collar
13:47 Gold Mining
25:38 Imperial Age
23:45 Fletching
24:07 Padded Archer Armor
24:46 Bodkin Arrow
25:47 Bow Saw
27:02 Heavy Plow
36:25 Wheelbarrow
38:32 Chemistry
39:28 Wheelbarrow
44:44 Two-Man Saw
44:17 Leather Archer Armor
44:03 Bracer
44:25 Leather Archer Armor
45:20 Thumb Ring
45:15 Crossbowman
46:00 Bracer
46:31 Ring Archer Armor
46:26 Arbalester
46:45 Arbalester
48:47 Hand Cart
49:08 Crop Rotation
48:54 Stone Mining
50:00 Ballistics
49:32 Elite Skirmisher
54:19 Silk Road
54:20 Caravan
54:31 Guilds
55:15 Conscription
Connection lost

Rejoining the realm…

Still unreachable

The connection could not be restored.

Session expired

The server has moved on; the page needs a fresh start.